 Dungeon Crawl Stone Soup version 0.26.1-11-gd32895ea62 (webtiles) character file.

Game seed: 17230862004972847238

179 AuftragZ the Slasher (level 5, 0/43 HPs)
             Began as a Barachi Berserker on June 17, 2021.
             Was a Believer of Trog.
             Slain by Jerry's ghost (8 damage)
             ... on level 3 of the Dungeon.
             The game lasted 00:08:53 (3416 turns).

AuftragZ the Slasher (Barachi Berserker)            Turns: 3416, Time: 00:08:54

Health: 0/43       AC:  6    Str: 19    XL:     5   Next: 59%
Magic:  5/5        EV: 10    Int:  7    God:    Trog [**....]
Gold:   213        SH:  0    Dex: 12    Spells: 4/4 levels left

rFire    . . .     SeeInvis .   a - +0 falchion
rCold    . . .     Faith    .   (no shield)
rNeg     . . .     Spirit   .   v - +0 scale mail
rPois    .         Reflect  .   (no helmet)
rElec    .         Harm     .   (no cloak)
rCorr    .         Rampage  .   (no gloves)
Will     ++...                  (no boots)
Stlth    ..........             (no amulet)
HPRegen  1.14/turn              (no ring)
MPRegen  0.09/turn              (no ring)

@: berserk cooldown, regenerating, slowed, very slow
A: +LOS, swims, slowness 1, strong legs 1
a: Hop, Renounce Religion, Berserk, Trog's Hand


You were on level 3 of the Dungeon.
You worshipped Trog.
Trog was pleased with you.
You visited 1 branch of the dungeon, and saw 3 of its levels.

You collected 213 gold pieces.

Inventory:

Hand Weapons
 a - a +0 falchion (weapon)
Missiles
 f - 19 poisoned darts (quivered)
Armour
 b - a +0 animal skin
 t - a +0 leather armour
 v - a +0 scale mail (worn)
Jewellery
 c - a cursed ring of teleportation {unknown}
 j - an uncursed ring of fire {unknown}
 m - an uncursed ring of protection from fire
Wands
 s - a wand of iceblast (4)
Scrolls
 d - 2 scrolls of blinking
 h - a scroll of fear
 k - a scroll of immolation {unknown}
 l - a scroll of identify {unknown}
 n - a scroll of fog {unknown}
 o - a scroll of enchant armour {unknown}
 u - a scroll of remove curse {unknown}
Potions
 e - a potion of brilliance {unknown}
 g - a potion of haste {unknown}
 i - 2 potions of mutation {unknown}
 p - a potion of berserk rage {unknown}
 q - a potion of cancellation {unknown}
 r - a potion of curing {unknown}


   Skills:
 + Level 4.5 Fighting
 + Level 6.1 Long Blades
 + Level 1.4 Throwing
 + Level 2.7 Armour
 + Level 2.5 Dodging
 - Level 0.3 Stealth


You had 4 spell levels left.
You didn't know any spells.
Your spell library was empty.

Dungeon Overview and Level Annotations

Branches:
Dungeon (3/15)

Altars:
Nemelex Xobeh

Annotations:
D:3 1 transporter, Jerry's ghost, amateur PaHu


Innate Abilities, Weirdness & Mutations

You can be seen from farther away. (+LOS)
You can swim through water.
You cover ground slowly.
You can hop short distances.


Message History

a +0 falchion; a +0 chain mail; a worm corpse You closely miss Jerry's ghost.
Jerry's ghost closely misses you.
You hit Jerry's ghost but do no damage. Jerry's ghost hits you!
Jerry's ghost closely misses you.
You hit Jerry's ghost.
Jerry's ghost is lightly damaged.
Jerry's ghost barely misses you.
You hit Jerry's ghost but do no damage.
Jerry's ghost is lightly damaged.
Jerry's ghost hits you.
* * * LOW HITPOINT WARNING * * *
Jerry's ghost hits you.
* * * LOW HITPOINT WARNING * * *
Your skin crawls.
You feel strong-willed.
Jerry's ghost hits you but does no damage.
You barely miss Jerry's ghost.
Jerry's ghost is lightly damaged.
Jerry's ghost hits you!
You die...

.# ###########.#
##...........##
#..#########..##
#.##......©##..$
#.#8..#.#..8#[..
##.#.?#...#..#.#.
##..#....†...!#...
#..©#...@©...(#©..
#...#...W....)#..#
##.#.#..#...#..#.##
#..#.#8..#.#..8#.#
#.##.##..!....##.#
###.##..#########....
#.†..................
#.#########.###.<....
#.# .......(..


You could see Jerry's ghost.

Vanquished Creatures
  Jessica (D:3)
  Ijyb (D:3)
  3 gnolls (D:2)
  2 adders (D:2)
  3 worms
  5 leopard geckos
  2 orcs (D:3)
  A ball python (D:2)
  3 giant cockroaches
  5 goblins
  6 hobgoblins
  16 jackals
  A quokka (D:3)
  4 bats
  A frilled lizard (D:2)
  2 kobolds (D:2)
  7 rats
63 creatures vanquished.

Notes
Turn   | Place    | Note
-------+----------+-------------------------------------------
     0 | D:1      | AuftragZ the Barachi Berserker began the quest for the Orb.
     0 | D:1      | Reached XP level 1. HP: 18/18 MP: 1/1
   493 | D:1      | Reached skill level 4 in Long Blades
   494 | D:1      | Reached XP level 2. HP: 25/25 MP: 2/2
   821 | D:1      | Reached XP level 3. HP: 30/30 MP: 3/3
  1727 | D:2      | Reached skill level 5 in Long Blades
  1819 | D:2      | Reached ** piety under Trog
  1911 | D:2      | Reached XP level 4. HP: 37/37 MP: 4/4
  2391 | D:2      | Reached skill level 1 in Throwing
  2637 | D:3      | Noticed Ijyb
  2648 | D:3      | Killed Ijyb
  2649 | D:3      | Reached XP level 5. HP: 22/43 MP: 5/5
  3197 | D:3      | Found a sparkling altar of Nemelex Xobeh.
  3197 | D:3      | Noticed Jessica
  3201 | D:3      | Killed Jessica
  3202 | D:3      | Reached skill level 6 in Long Blades
  3300 | D:3      | Found a transporter.
  3370 | D:3      | Noticed Jerry's ghost (amateur PaHu)
  3377 | D:3      | Found a transporter.
  3416 | D:3      | Slain by Jerry's ghost

Illustrated notes

Levels and vault maps discovered:
D:1:      dpeg_arrival_short_road, layout_basic
D:2:      layout_basic
D:3:      layout_basic, gammafunk_ghost_arena, nemelex_lonely_heart_becter,
          uniq_ijyb

Skill      XL: |  1  2  3  4  5 |
---------------+----------------+-----
Long Blades    | 4 5 6 |  6.1
Fighting       | 4 |  4.5
Throwing       | 1 |  1.4
Armour         | |  2.7
Dodging        | |  2.5
Stealth        | |  0.3

Action                   |  1- 3 |  4- 6 || total
-------------------------+-------+-------++-------
Melee: Falchion          |    76 |    83 ||   159
Throw: Dart              |    15 |    10 ||    25
Invok: Berserk           |     4 |     6 ||    10
       Trog's Hand       |       |     1 ||     1
  Use: Scroll            |     3 |       ||     3
 Stab: Sleeping          |     1 |       ||     1
Armor: Animal skin       |    12 |     8 ||    20
       Scale mail        |       |    24 ||    24
       Leather armour    |       |     4 ||     4
Dodge: Dodged            |    44 |    53 ||    97
       Rpst.: Falchion   |    15 |    15 ||    30
